 Dungeon Crawl Stone Soup version 0.31-a0-188-g5e087ee2ca (webtiles) character file.

Game seed: 14453229990067830089

224 qw the Skirmisher (level 5, -2/30 HPs)
             Began as a Deep Elf Hunter on June 23, 2023.
             Blown up by Ijyb (7 damage)
             ... with a mindburst bolt
             ... on level 3 of the Dungeon.
             The game lasted 00:00:44 (1624 turns).

qw the Skirmisher (Deep Elf Hunter)                 Turns: 1624, Time: 00:00:45

Health: -2/30      AC:  6    Str: 10    XL:     5   Next: 67%
Magic:  7/7        EV: 11    Int: 14    God:
Gold:   20         SH:  0    Dex: 18    Spells: 4/4 levels left

rFire   . . .        Y - +0 shortbow
rCold   . . .        (shield currently unavailable)
rNeg    . . .        e - +0 ring mail
rPois   .            (no helmet)
rElec   .            (no cloak)
rCorr   .            (no gloves)
SInv    .            g - +0 pair of boots
Will    .....        (no amulet)
Stlth   +            (no ring)
HPRegen 0.25/turn    (no ring)
MPRegen 0.10/turn

%: no passive effects
@: no status effects
A: no striking features
a: no special abilities


You were on level 3 of the Dungeon.
You visited 1 branch of the dungeon, and saw 3 of its levels.

You collected 59 gold pieces.
You spent 39 gold pieces at shops.


   Skills:
 - Level 2.0 Fighting
 + Level 9.0 Ranged Weapons
 - Level 2.4 Dodging
 - Level 1.2 Stealth


You had 4 spell levels left.
You didn't know any spells.
Your spell library was empty.

Inventory:

Hand Weapons
 Y - a +0 shortbow (weapon)
Armour
 e - a +0 ring mail (worn)
 g - a +0 pair of boots (worn)
Scrolls
 h - a scroll of teleportation
Potions
 a - a potion of curing
 b - a potion of attraction {unknown}
 f - a potion of lignification {unknown}
 i - a potion of degeneration {unknown}

Dungeon Overview and Level Annotations

Branches:
Dungeon (3/15)

Altars:

Shops:
D:1 (?:(*

Annotations:
D:3 Ijyb


Message History

1583 ||| STAIRDANCE Ijyb screams, "You nasty!
Big nasty!"
Ijyb zaps a wand.
You struggle to resist.
The frilled lizard bites you but does no damage.
You climb upwards.
There is a stone staircase leading down here.
You shoot an arrow. The arrow hits the frilled lizard!
You kill the frilled lizard!
Your Fighting skill increases to level 2!
You start resting.
HP restored.
Done exploring.
(D) Dungeon
Where to? (* - list waypoints, Enter - D:3, ? - help)
What level of the Dungeon? (default 1, ? - help)
You climb downwards.
You hear the sound of rushing water.
There is an entrance to a sewer on this level.
Hurry and find it before the portal rusts away!
Level annotation: Ijyb The goblin hits you but does no damage.
There is a stone staircase leading up here.
You shoot an arrow. The arrow barely misses the goblin.
The arrow closely misses Ijyb.
The arrow hits the kobold.
You kill the kobold!
The goblin closely misses you.
You shoot an arrow. The arrow barely misses the goblin.
The arrow hits Ijyb.
Ijyb is lightly wounded.
The goblin barely misses you.
You shoot an arrow. The arrow completely misses the goblin.
The arrow hits Ijyb but does no damage.
Ijyb is lightly wounded.
The goblin hits you with a +0 club.
You shoot an arrow. The arrow hits the goblin.
You kill the goblin!
Ijyb zaps a wand.
Your mind is blasted!
Ouch! That really hurt!
The quokka bites you. x2
1624 ||| STAIRDANCE The quokka barely misses you.
Ijyb zaps a wand.
Your mind is blasted!
You die...

### #.. ### #. ### #. ###
#### ### .... .. ..
###..####.# .....#) #.
#......##.#
.....#..##.##########'####.#
..........r@g.).............
.......#########.......###..
#.......K.g..l........# #..
#.#...#########.......###..
#... ................. .....
##..........#.... #.....
#.......####...) ###.##
#.......# #...) #. #.......#
####.


You could see Ijyb and a quokka.

Vanquished Creatures
  A black bear (D:3)
  Jessica (D:2)
  4 gnolls
  4 adders (D:2)
  3 bats
  An endoplasm (D:1)
  7 goblins
  3 jackals (D:3)
  A ball python (D:2)
  3 frilled lizards
  7 kobolds
  A rat (D:1)
36 creatures vanquished.

Notes
Turn   | Place    | Note
-------+----------+-------------------------------------------
     0 | D:1      | qw the Deep Elf Hunter began the quest for the Orb.
     0 | D:1      | Reached XP level 1. HP: 12/12 MP: 3/3
     0 | D:1      | 0 ||| qw: Version: 0.3-a-9-g12657ce
     0 | D:1      | 0 ||| qw: Game counter: 4136
     0 | D:1      | 0 ||| qw: Always use a shield: true
     0 | D:1      | 0 ||| qw: God list: Okawaru
     0 | D:1      | 0 ||| qw: Allow faded altars: false
     0 | D:1      | 0 ||| qw: Do Orc after D:15 true
     0 | D:1      | 0 ||| qw: Do second Lair branch before Depths: true
     0 | D:1      | 0 ||| qw: Lair rune preference: random
     0 | D:1      | 0 ||| qw: Plans: Normal
     0 | D:1      | 0 ||| PLANNING D:1-11
    57 | D:1      | Reached skill level 6 in Ranged Weapons
    57 | D:1      | Reached XP level 2. HP: 6/16 MP: 4/4
   107 | D:1      | Found Hentet's General Store.
   126 | D:1      | Found Okkayjais's Weapon Shoppe.
   173 | D:1      | Found Biwk's Book Emporium.
   254 | D:1      | Found Wonoal's Weapon Emporium.
   414 | D:1      | Found Naleb's Magic Scroll Boutique.
   417 | D:1      | 417 ||| SHOPLISTING scroll of enchant armour (97 gold, have
                  | 40).
   417 | D:1      | 417 ||| SHOPLISTING scroll of enchant weapon (97 gold, have
                  | 40).
   417 | D:1      | 417 ||| BUYING scroll of teleportation (39 gold).
   417 | D:1      | Bought a scroll of teleportation for 39 gold pieces
   417 | D:1      | 417 ||| SHOPLISTING scroll of teleportation (39 gold, have
                  | 1).
   566 | D:1      | 566 ||| SHOPLISTING potion of curing (42 gold, have 1).
   566 | D:1      | 566 ||| SHOPLISTING potion of enlightenment (70 gold, have
                  | 1).
   566 | D:1      | 566 ||| SHOPLISTING ring of willpower (350 gold, have 1).
   615 | D:1      | 615 ||| UPGRADING to +0 ring mail.
   625 | D:1      | 625 ||| DROPPING +0 leather armour.
   626 | D:1      | 626 ||| UPGRADING to +0 pair of boots.
   631 | D:1      | 631 ||| READING scroll labelled MUJUXA UMNEI.
   632 | D:1      | 632 ||| READING scroll labelled UNOULY CUEWKU.
   633 | D:1      | 633 ||| DROPPING scroll of butterflies.
   674 | D:2      | HP: 4/16 [poisoned by an adder]
   678 | D:2      | HP: 1/16 [poisoned by an adder]
   759 | D:2      | Reached XP level 3. HP: 20/20 MP: 5/5
   795 | D:2      | Noticed Jessica
   811 | D:2      | 811 ||| FLEEEEING.
   814 | D:2      | 814 ||| FLEEEEING.
   815 | D:2      | 815 ||| FLEEEEING.
   816 | D:2      | 816 ||| FLEEEEING.
   822 | D:2      | Killed Jessica
   823 | D:2      | Reached skill level 7 in Ranged Weapons
   935 | D:2      | Reached XP level 4. HP: 25/25 MP: 6/6
  1165 | D:2      | 1165 ||| READING scroll labelled ZOSUSKINOA.
  1166 | D:2      | 1166 ||| READING scroll labelled TERUCL EM WUPI.
  1168 | D:2      | 1168 ||| Stepping ~*~*~tactically~*~*~ (cloud).
  1274 | D:3      | 1274 ||| PLANNING SEWER
  1322 | D:3      | Noticed a black bear
  1333 | D:3      | Killed a black bear
  1334 | D:3      | Reached skill level 8 in Ranged Weapons
  1334 | D:3      | Reached XP level 5. HP: 9/29 MP: 7/7
  1440 | D:3      | Reached skill level 9 in Ranged Weapons
  1552 | D:3      | Noticed Ijyb
  1555 | D:3      | 1555 ||| FLEEEEING.
  1556 | D:3      | 1556 ||| FLEEEEING.
  1557 | D:3      | 1557 ||| FLEEEEING.
  1558 | D:3      | 1558 ||| FLEEEEING.
  1559 | D:3      | 1559 ||| FLEEEEING.
  1560 | D:3      | 1560 ||| FLEEEEING.
  1561 | D:3      | 1561 ||| FLEEEEING.
  1562 | D:3      | 1562 ||| FLEEEEING.
  1563 | D:3      | 1563 ||| FLEEEEING.
  1564 | D:3      | 1564 ||| FLEEEEING.
  1566 | D:3      | 1566 ||| FLEEEEING.
  1567 | D:3      | 1567 ||| FLEEEEING.
  1568 | D:3      | 1568 ||| FLEEEEING.
  1569 | D:3      | 1569 ||| STAIRDANCE
  1583 | D:3      | 1583 ||| STAIRDANCE
  1623 | D:3      | HP: 7/30 [quokka (3)]
  1624 | D:3      | 1624 ||| STAIRDANCE
  1624 | D:3      | Blown up by Ijyb

Levels and vault maps discovered:
D:1:      eino_arrival_cavern_e, layout_basic, serial_shops,
          nicolae_shop_waterfront, shop, nicolae_shop_statue_plus, shop,
          nicolae_shop_rolled_up, minmay_misc_feat_columns
D:2:      layout_rooms, uniq_jessica
D:3:      layout_basic, gup_sewer_entry_bubbles, minmay_quantized, uniq_ijyb

Skill      XL: |  1  2  3  4  5 |
---------------+----------------+-----
Ranged Weapons | 6 7 8 9 |  9.0
Fighting       | 2 |  2.0
Dodging        | |  2.4
Stealth        | |  1.2

Action                     |  1- 3 |  4- 6 || total
---------------------------+-------+-------++-------
   Fire: Shortbow          |    76 |    72 ||   148
    Use: Scroll            |     2 |     2 ||     4
 Armour: Ring mail         |     8 |     5 ||    13
         Leather armour    |     1 |       ||     1
  Dodge: Dodged            |    17 |    19 ||    36

Table legend:
 A = Non-vault XP
 B = Vault XP
 C = Vault XP percentage of total XP
 D = Non-vault monster count
 E = Vault monster count
 F = Vault count percentage of total count
                 A         B        C        D         E       F
            +---------+---------+-------+---------+---------+-------
      Total |     283 |      37 |  11.6 |      35 |       1 |   2.8
            +---------+---------+-------+---------+---------+-------
        D:1 |      26 |       0 |   0.0 |       9 |       0 |   0.0
        D:2 |      70 |      37 |  34.6 |      14 |       1 |   6.7
        D:3 |     187 |       0 |   0.0 |      12 |       0 |   0.0
            +---------+---------+-------+---------+---------+-------
